 Dungeon Crawl Stone Soup version 0.27-a0-592-g0306a34022 (webtiles) character file.

Game seed: 6362629559394801372

64719 srzhan31 the Destroyer (level 15, -14/89 HPs)
             Began as a Gargoyle Conjurer on Mar 10, 2021.
             Was a High Priest of Vehumet.
             Killed from afar by a crystal guardian (23 damage)
             ... with a crystal bolt
             ... on level 12 of the Dungeon on Mar 11, 2021.
             The game lasted 01:30:57 (18892 turns).

srzhan31 the Destroyer (Gargoyle Conjurer)         Turns: 18892, Time: 01:30:57

Health: -14/89     AC: 23    Str: 11    XL:     15   Next: 14%
Magic:  4/30       EV: 17    Int: 31    God:    Vehumet [*****.]
Gold:   1671       SH:  0    Dex:  8    Spells: 6/36 levels left

rFire    + . .     SeeInvis .   F - staff of fire
rCold    . . .     Faith    .   (no shield)
rNeg     + . .     Spirit   .   K - +2 robe of Delightful Happiness {+Inv Regen+ rCorr}
rPois    ∞         Reflect  .   M - +1 hat
rElec    +         Harm     .   R - +2 cloak
rCorr    +         Rampage  .   j - +0 pair of gloves
Will     +....                  L - +0 pair of boots
Stlth    ++........             G - amulet of magic regeneration
HPRegen  1.24/turn              b - +4 ring of evasion
MPRegen  0.47/turn              g - +6 ring of intelligence

@: flying
A: big wings, negative energy resistance 1, electricity resistance, torment
resistance 1, unbreathing 1, petrification resistance, AC +11
a: Stop Flying, Renounce Religion, Evoke Invisibility


You were on level 12 of the Dungeon.
You worshipped Vehumet.
Vehumet was extremely pleased with you.
You visited 3 branches of the dungeon, and saw 19 of its levels.
You also visited: Ossuary.

You collected 1671 gold pieces.

Inventory:

Hand Weapons
 f - a +4 mace
 y - a +1 mace of freezing
Armour
 e - a +3 scale mail
 j - a +0 pair of gloves (worn)
 K - the +2 robe of Delightful Happiness (worn) {+Inv Regen+ rCorr}
   (You found it on level 6 of the Dungeon)

   It lets you turn invisible.
   It increases your rate of regeneration.
   It provides partial protection from all sources of acid and corrosion.
 L - a +0 pair of boots (worn)
 M - a +1 hat (worn)
 R - a +2 cloak (worn)
Magical Staves
 F - a staff of fire (weapon)
Jewellery
 b - a +4 ring of evasion (right hand)
 g - a +6 ring of intelligence (left hand)
 u - a +6 ring of dexterity
 G - an amulet of magic regeneration (around neck)
 H - an amulet of reflection
 O - a +6 ring of strength
 S - a ring of protection from fire
Wands
 c - a wand of polymorph (7)
 i - a wand of acid (9)
 r - a wand of digging (10)
 s - a wand of flame (99)
 x - a wand of mindburst (41)
 B - a wand of paralysis (22)
 C - a wand of random effects (27)
 P - a wand of iceblast (5)
Scrolls
 a - 6 scrolls of identify
 h - 3 scrolls of magic mapping
 o - 4 scrolls of enchant armour
 p - 12 scrolls of teleportation
 q - 2 scrolls of fog
 t - 2 scrolls of amnesia
 D - a scroll of blinking
 I - 5 scrolls of enchant weapon
 J - 3 scrolls of fear
Potions
 d - 4 potions of heal wounds
 k - 2 potions of invisibility
 l - 11 potions of curing
 m - a potion of magic
 n - a potion of haste
 v - 4 potions of might
 w - 3 potions of berserk rage
 z - 6 potions of resistance
 E - 2 potions of ambrosia
 N - a potion of cancellation
 Q - a potion of brilliance


   Skills:
 * Level 8.4 Fighting
 - Level 4.8(5.3) Maces & Flails
 * Level 3.1(4.4) Staves
 * Level 9.1 Armour
 * Level 8.1 Dodging
 - Level 2.3 Stealth
 * Level 8.2 Shields
 * Level 11.3 Spellcasting
 * Level 12.1 Conjurations
 * Level 4.3 Translocations
 * Level 6.2 Fire Magic
 * Level 6.9 Ice Magic
 * Level 1.3 Air Magic
 * Level 5.4 Earth Magic
 * Level 1.8 Poison Magic
 + Level 0.4 Evocations


You had 6 spell levels left.
You knew the following spells:

 Your Spells              Type           Power      Damage    Failure   Level
a - Iskenderun's Battles  Conj           75%        2d12      1%          5
b - Searing Ray           Conj           100%       3d7       1%          2
c - Bolt of Magma         Conj/Fire/Erth 39%        4d17      1%          5
d - Iskenderun's Mystic   Conj/Tloc      62%        2d13      1%          4
e - Frozen Ramparts       Ice            100%       1d12      1%          3
g - Starburst             Conj/Fire      42%        8x6d12    2%          6
h - Blink                 Tloc           N/A        N/A       1%          2
i - Mephitic Cloud        Conj/Pois/Air  49%        N/A       1%          3

Your spell library contained the following spells:

 Spells                   Type           Power      Damage    Failure   Level
 Ozocubu's Refrigeration  Ice            28%        4d10      32%         7
 Magic Dart               Conj           100%       1d8       0%          1
 Freeze                   Ice            100%       1d11      1%          1
 Sandblast                Erth           100%       2d20      1%          1
 Conjure Flame            Conj/Fire      84%        6-21      1%          3
 Dazzling Flash           Conj/Hex       100%       N/A       1%          3
 Inner Flame              Hex/Fire       53%        N/A       1%          3
 Stone Arrow              Conj/Erth      100%       3d13      1%          3
 Fulminant Prism          Conj/Hex       26%        3d14      1%          4
 Animate Skeleton         Necr           34%        N/A       2%          1
 Beastly Appendage        Tmut           34%        N/A       2%          1
 Corona                   Hex            18%        N/A       2%          1
 Pain                     Necr           68%        1d7       2%          1
 Portal Projectile        Hex/Tloc       62%        N/A       3%          3
 Iron Shot                Conj/Erth      32%        9d7       3%          6
 Call Imp                 Summ           17%        N/A       4%          2
 Slow                     Hex            17%        N/A       4%          2
 Wereblood                Tmut           17%        N/A       4%          2
 Spider Form              Tmut/Pois      11%        N/A       6%          3
 Ice Form                 Ice/Tmut       39%        N/A       7%          4
 Vampiric Draining        Necr           8%         2d7       9%          3
 Leda's Liquefaction      Hex/Erth       17%        N/A       9%          4
 Animate Dead             Necr           8%         N/A       28%         4
 Cause Fear               Hex            8%         N/A       28%         4
 Agony                    Necr           17%        N/A       61%         5
 Blade Hands              Tmut           8%         N/A       61%         5
 Orb of Destruction       Conj           37%        9d13      4%          7
 Spellforged Servitor     Conj/Summ      26%        N/A       45%         7


Dungeon Overview and Level Annotations

Branches:
Dungeon (12/15)            Temple (1/1) D:5            Lair (6/6) D:8
  Swamp (0/4) Lair:4       Spider (0/4) Lair:3        Slime (0/5) Lair:5
    Orc (0/2) D:12        Ossuary (visited)

Altars:
Cheibriados
Dithmenos
Elyvilon
Fedhas
Hepliaklqana
Makhleb
Nemelex Xobeh
Ru
Sif Muna
Trog
Vehumet
Wu Jian
Yredelemnul
Jiyva

Shops:
D:8 (

Annotations:
D:3 2 transporters, Veldoneri's ghost, amateur MiGl
D:12 2 transporters, exclusion: orange crystal statue, Plazmod's ghost, journeyman DECj
Lair:2 exclusion: oklob plant
Lair:5 1 runed translucent door


Innate Abilities, Weirdness & Mutations

Your stone body is resilient. (AC +11)
You are immune to poison.
Your large and strong wings let you fly indefinitely.
You resist negative energy. (rN+)
You are resistant to electric shocks. (rElec)
You are resistant to unholy torment.
You can survive without breathing.
You are immune to petrification.


Message History

You blink.
You swap places.
Casting: Blink (safe; 1% risk of failure)
Confirm with . or Enter, or press ? or * to list all spells.
Aiming: Searing Ray (safe; 1% risk of failure)
Press: ? - help, Shift-Dir - straight line, f/p - crystal guardian
Aim: a crystal guardian (heavily damaged, 0% to evade)
The searing ray hits the crystal guardian.
The crystal guardian is severely damaged. (Press . to maintain the ray.)
Your battlesphere fires!
The barrage of energy hits the crystal guardian but does no damage.
The crystal guardian is severely damaged.
The crystal guardian fires a crystalline bolt at you.
The crystal bolt freezes you!!!
* * * LOW HITPOINT WARNING * * *
Unknown command.
Casting: Searing Ray (safe; 1% risk of failure)
Confirm with . or Enter, or press ? or * to list all spells.
You blink.
Casting: Blink (safe; 1% risk of failure)
Confirm with . or Enter, or press ? or * to list all spells.
You blink.
Casting: Blink (safe; 1% risk of failure)
Confirm with . or Enter, or press ? or * to list all spells.
You blink.
The crystal guardian fires a crystalline bolt at you.
The crystal bolt misses you.
Casting: Blink (safe; 1% risk of failure)
Confirm with . or Enter, or press ? or * to list all spells.
You blink.
Casting: Blink (safe; 1% risk of failure)
Confirm with . or Enter, or press ? or * to list all spells.
You blink.
Casting: Blink (safe; 1% risk of failure)
Confirm with . or Enter, or press ? or * to list all spells.
You blink.
The crystal guardian fires a crystalline bolt at you.
The crystal bolt burns you!! You resist.
You die...

.........................####....
.>...........##.§......### #....
.............##........# ##'##
..............*..§###.## #.#
###...............###.# #.#
...........##.)..###..# #.##
...........##§8..# #.## #..#
......##.........###'## ######.#
##....##........@.....####.......
##....................#....[.....
..................<...'.##.......
#..........#..##......####.......
#.<........##.........# #.......
################......# ########
########


You could see a crystal guardian (ally target) and a friendly battlesphere.

Vanquished Creatures
  Snorg (D:12)
  Harold (D:8)
  7 hydras
  4 catoblepae (Lair:6)
  4 two-headed ogres
  14 death yaks
  2 unseen horrors
  2 lindwurms
  2 ugly things
  An orb spider (Lair:3)
  2 manticores (Lair:6)
  Maurice (D:10)
  4 elephants (Lair:3)
  6 black mambas
  2 torpor snails
  A centaur skeleton (D:11)
  2 rime drakes
  9 cane toads
  15 komodo dragons
  5 trolls
  A hornet (D:8)
  A polar bear (Lair:4)
  3 slime creatures (D:12)
  25 blink frogs
  5 dream sheep (Lair:5)
  A shadow (D:11)
  A vampire (D:12)
  A spriggan (Lair:6)
  8 wyverns
  2 wraiths (Ossuary)
  Grum (D:10)
  3 basilisks
  54 yaks
  A steam dragon (D:12)
  A warg (D:12)
  A swamp worm (Lair:4)
  A soldier ant (D:12)
  17 water moccasins
  A black bear (D:8)
  8 orc warriors
  6 sky beasts
  8 ogres
  A necrophage (D:6)
  3 ice beasts
  2 centaurs
  19 wolves
  3 phantoms
  A kobold brigand (D:11)
  27 bullfrogs
  3 scorpions
  17 wights
  3 electric eels (D:7)
  8 howler monkeys
  2 bullfrog zombies
  2 quasits
  3 jellies
  Ijyb (D:4)
  10 orc priests
  3 bullfrog skeletons
  3 hounds
  2 human skeletons (D:4)
  5 iguanas
  Natasha (thrice) (D:2)
  9 worker ants
  10 orc wizards
  9 hell rats
  A hound zombie (D:9)
  3 worker ant zombies
  4 gnolls (D:9)
  11 adders
  4 river rats (Lair:1)
  A shadow imp (D:8)
  3 white imps
  An ooze (D:2)
  4 ufetubi
  An adder skeleton (D:5)
  4 worms
  10 dart slugs
  8 leopard geckos
  55 orcs
  3 giant cockroaches
  8 goblins
  9 hobgoblins
  9 jackals
  4 quokkas
  9 bats
  5 frilled lizards
  3 hobgoblin skeletons (Ossuary)
  A hobgoblin zombie (Ossuary)
  A jackal skeleton (D:8)
  10 kobolds
  2 kobold zombies (Ossuary)
  2 leopard gecko skeletons
  3 orc skeletons
  3 orc zombies
  18 rats
584 creatures vanquished.

Vanquished Creatures (others)
  49 fungi
  66 plants
115 creatures vanquished.

Grand Total: 699 creatures vanquished

Notes
Turn   | Place    | Note
-------+----------+-------------------------------------------
     0 | D:1      | srzhan31 the Gargoyle Conjurer began the quest for the Orb.
     0 | D:1      | Reached XP level 1. HP: 10/10 MP: 3/3
   279 | D:1      | Reached XP level 2. HP: 15/15 MP: 3/5
   282 | D:1      | Learned a level 2 spell: Searing Ray
   656 | D:1      | Reached skill level 5 in Conjurations
   996 | D:2      | Reached XP level 3. HP: 20/20 MP: 2/6
  1333 | D:2      | Reached XP level 4. HP: 24/24 MP: 4/7
  1718 | D:2      | Noticed Natasha
  1721 | D:2      | Killed Natasha
  1722 | D:2      | Reached skill level 1 in Fighting
  1722 | D:2      | Reached skill level 1 in Armour
  1805 | D:2      | Noticed Natasha
  1809 | D:2      | Killed Natasha
  1810 | D:2      | Reached skill level 1 in Shields
  1810 | D:2      | Reached XP level 5. HP: 29/29 MP: 2/9
  2040 | D:2      | Noticed Natasha
  2044 | D:2      | Killed Natasha
  2324 | D:3      | Reached XP level 6. HP: 34/34 MP: 6/10
  2449 | D:3      | Reached skill level 6 in Conjurations
  2631 | D:3      | Identified the +7 great mace of the Scorpion {vorpal,
                  | *Noise rN+ Will+ SInv}
  2646 | D:3      | Found a transporter.
  2646 | D:3      | Found a transporter.
  2646 | D:3      | Noticed Veldoneri's ghost (amateur MiGl)
  2875 | D:4      | Found a sand-covered staircase.
  2898 | Ossuary  | Entered an ossuary
  3050 | Ossuary  | Noticed a flying skull
  3050 | Ossuary  | Noticed a wraith
  3057 | Ossuary  | Noticed a flying skull
  3063 | Ossuary  | Noticed a flying skull
  3101 | Ossuary  | Reached XP level 7. HP: 40/40 MP: 8/12
  3122 | Ossuary  | Noticed a wraith
  3142 | Ossuary  | Killed a wraith
  3143 | Ossuary  | Reached skill level 1 in Maces & Flails
  3366 | Ossuary  | Noticed a flying skull
  3371 | Ossuary  | Noticed a wraith
  3385 | Ossuary  | Killed a wraith
  3809 | D:4      | Reached XP level 8. HP: 45/45 MP: 8/14
  4018 | D:4      | Reached skill level 7 in Conjurations
  4116 | D:4      | Noticed Ijyb
  4127 | D:4      | Killed Ijyb
  5015 | D:5      | Entered Level 5 of the Dungeon
  5265 | D:5      | Found a staircase to the Ecumenical Temple.
  5281 | Temple   | Entered the Ecumenical Temple
  5296 | Temple   | Became a worshipper of Vehumet
  5793 | D:5      | Found a shadowy altar of Dithmenos.
  5795 | D:5      | Found a burning altar of Makhleb.
  5799 | D:5      | Found a snail-covered altar of Cheibriados.
  5956 | D:6      | Reached skill level 5 in Spellcasting
  6114 | D:6      | Reached skill level 5 in Armour
  6114 | D:6      | Reached XP level 9. HP: 18/51 MP: 3/16
  6867 | D:6      | Identified the +2 robe of Delightful Happiness {+Inv Regen+
                  | rCorr}
  7082 | D:6      | Reached * piety under Vehumet
  7082 | D:6      | Offered knowledge of Freeze by Vehumet.
  7085 | D:6      | Learned a level 1 spell: Freeze
  7096 | D:6      | Found a sparkling altar of Nemelex Xobeh.
  7132 | D:6      | Found an ornate altar of the Wu Jian Council.
  7262 | D:7      | Found a transporter.
  7262 | D:7      | Found a transporter.
  7272 | D:7      | Reached skill level 8 in Conjurations
  7413 | D:7      | Reached skill level 1 in Fire Magic
  7413 | D:7      | Reached skill level 1 in Ice Magic
  7706 | D:7      | Found a hazy altar of Hepliaklqana.
  8051 | D:8      | Reached XP level 10. HP: 35/58 MP: 14/19
  8060 | D:8      | Reached ** piety under Vehumet
  8102 | D:8      | Offered knowledge of Sandblast by Vehumet.
  8132 | D:8      | Reached skill level 9 in Conjurations
  8162 | D:8      | Found a staircase to the Lair.
  8175 | D:8      | Reached skill level 5 in Fighting
  8266 | D:8      | Found Pouxau's Weapon Shop.
  8314 | D:8      | Found a sacrificial altar of Ru.
  8446 | D:8      | Learned a level 1 spell: Sandblast
  8488 | D:8      | Noticed Harold
  8499 | D:8      | Killed Harold
  8500 | D:8      | Reached skill level 5 in Shields
  8539 | D:8      | Noticed a two-headed ogre
  8551 | D:8      | Killed a two-headed ogre
  8552 | D:8      | Reached XP level 11. HP: 35/64 MP: 12/22
  8948 | Lair:1   | Entered Level 1 of the Lair of Beasts
  8965 | Lair:1   | You fall into a shaft and drop 1 floor!
  9027 | Lair:1   | Offered knowledge of Conjure Flame by Vehumet.
  9037 | Lair:1   | Reached *** piety under Vehumet
  9040 | Lair:1   | Noticed a lindwurm
  9048 | Lair:1   | Killed a lindwurm
  9054 | Lair:1   | Reached skill level 10 in Conjurations
  9265 | Lair:1   | Learned a level 4 spell: Iskenderun's Mystic Blast
  9296 | Lair:1   | Reached skill level 5 in Dodging
  9296 | Lair:1   | Offered knowledge of Frozen Ramparts by Vehumet.
  9316 | Lair:1   | Learned a level 3 spell: Frozen Ramparts
 10055 | Lair:2   | Noticed an oklob plant
 10215 | Lair:2   | Reached skill level 1 in Translocations
 10318 | Lair:2   | Reached XP level 12. HP: 70/70 MP: 22/24
 10401 | Lair:2   | Learned a level 5 spell: Iskenderun's Battlesphere
 10407 | Lair:2   | Learned a level 5 spell: Bolt of Magma
 10832 | Lair:3   | Noticed an eight-headed hydra
 10839 | Lair:2   | Reached **** piety under Vehumet
 11065 | Lair:3   | Offered knowledge of Stone Arrow by Vehumet.
 11185 | Lair:3   | Learned a level 3 spell: Stone Arrow
 11538 | Lair:3   | Found a hole to the Spider Nest.
 11575 | Lair:3   | Reached skill level 1 in Earth Magic
 11734 | Lair:3   | Killed an eight-headed hydra
 12323 | Lair:4   | Noticed a seven-headed hydra
 12325 | Lair:4   | Noticed a five-headed hydra
 12336 | Lair:4   | Noticed a four-headed hydra
 12345 | Lair:4   | Reached ***** piety under Vehumet
 12346 | Lair:4   | Killed a five-headed hydra
 12347 | Lair:4   | Reached skill level 11 in Conjurations
 12347 | Lair:4   | Reached XP level 13. HP: 25/76 MP: 15/26
 12354 | Lair:4   | Offered knowledge of Airstrike by Vehumet.
 12467 | Lair:4   | Found a staircase to the Swamp.
 12608 | Lair:4   | Reached skill level 5 in Ice Magic
 12613 | Lair:4   | Reached skill level 5 in Fire Magic
 13180 | Lair:5   | Reached skill level 10 in Spellcasting
 13331 | Lair:5   | You fall into a shaft and drop 1 floor!
 13331 | Lair:6   | Entered Level 6 of the Lair of Beasts
 13686 | Lair:5   | Found a runed translucent door.
 13686 | Lair:5   | Found a viscous altar of Jiyva.
 14106 | Lair:5   | Found a staircase to the Slime Pits.
 14210 | Lair:6   | Reached skill level 1 in Staves
 14254 | Lair:6   | Gained mutation: Your large and strong wings let you fly
                  | indefinitely. [Gargoyle growth]
 14254 | Lair:6   | Reached XP level 14. HP: 83/83 MP: 22/28
 14452 | Lair:6   | Identified the +0 chain mail of Gymebenk {Str+3}
 14579 | Lair:6   | Offered knowledge of Starburst by Vehumet.
 15198 | Lair:5   | Learned a level 6 spell: Starburst
 15733 | D:9      | Learned a level 2 spell: Blink
 15737 | D:9      | Learned a level 3 spell: Mephitic Cloud
 16582 | D:10     | Entered Level 10 of the Dungeon
 16644 | D:10     | Noticed Maurice
 16698 | D:10     | Killed Maurice
 16835 | D:10     | Reached skill level 1 in Poison Magic
 17070 | D:10     | Noticed Grum
 17078 | D:10     | Killed Grum
 17426 | D:11     | Identified the +6 short sword of Magnificence {protect,
                  | Int+3}
 17434 | D:11     | Reached skill level 5 in Earth Magic
 17723 | D:11     | Offered knowledge of Ozocubu's Refrigeration by Vehumet.
 17789 | D:11     | Reached skill level 12 in Conjurations
 18107 | D:12     | Found a transporter.
 18112 | D:12     | Identified the +9 war axe of Contradiction {flame, rPois
                  | rC+}
 18122 | D:12     | Found a bloodstained altar of Trog.
 18136 | D:12     | Noticed Plazmod's ghost (journeyman DECj)
 18150 | D:12     | Found a transporter.
 18182 | D:12     | Reached skill level 1 in Air Magic
 18263 | D:12     | Reached XP level 15. HP: 88/88 MP: 26/30
 18339 | D:12     | Found a staircase to the Orcish Mines.
 18585 | D:12     | Noticed Snorg
 18603 | D:12     | Killed Snorg
 18655 | D:12     | Found a runed translucent door.
 18886 | D:12     | HP: 2/89 [crystal guardian/crystal bolt (39)]
 18892 | D:12     | Killed from afar by a crystal guardian

Illustrated notes

Levels and vault maps discovered:
D:1:      evilmike_arrival_rings, layout_loops_ring
D:2:      layout_loops_cross, uniq_natasha
D:3:      kennysheep_slugbush, layout_basic, gammafunk_ghost_smash,
          amcnicky_mini_rare_corridor_liquid
D:4:      layout_basic, nicolae_ossuary_entry_catacombs,
          kennysheep_big_empty_room, uniq_ijyb
D:5:      layout_loops_ring, grunt_temple_overflow_diamond, temple_pool_b
D:6:      layout_rooms, minitemple, chequers_serial_rivers_micro_d
D:7:      gammafunk_steamed_eel, layout_cave_pools, basic_altar
D:8:      layout_loops_ring, lemuel_coloured_pillars_altar,
          minmay_lair_entry_grove, serial_shops, kennysheep_little_box,
          uniq_harold
D:9:      layout_loops_corners
D:10:     layout_gridville, uniq_maurice, uniq_grum
D:11:     layout_loops_cross, basic_altar, minmay_statues_item
D:12:     layout_roguey, erik_orc_4, gammafunk_ghost_wrathful_warriors,
          minmay_crystal_box, uniq_sonja, uniq_snorg
Temple:   nicolae_temple_elliptical
Lair:1:   layout_big_grid, nicolae_quartered_pool_super,
          kennysheep_abandoned_house
Lair:2:   layout_gridlike, minmay_holes, serial_bayou_pond_d,
          minmay_lair_oklob_bushes, grunt_megastairs_4
Lair:3:   layout_small_grid, nicolae_spider_entry_orb_guardian,
          chequers_serial_rivers_micro_e, grunt_megastairs_5,
          infiniplex_staircase_pool_2, serial_bayou_shore_b
Lair:4:   layout_hall_layers, palyth_hydra_swamp_entry
Lair:5:   layout_misc_corridors, slime_altar_2, pond
Lair:6:   evilmike_catoblepas_cave, layout_regular_city,
          grunt_forest_large_clearing_hut

Skill      XL: |  1  2  3  4  5  6  7  8  9 10 11 12 13 14 15 |
---------------+----------------------------------------------+-----
Conjurations   | 5 6 7 8 9 10 11 12 | 12.1
Fighting       | 1 2 3 4 5 6 7 8 |  8.4
Armour         | 1 2 3 5 6 7 8 9 |  9.1
Shields        | 1 2 3 4 5 6 7 8 |  8.2
Spellcasting   | 3 4 5 6 7 8 9 10 11 | 11.3
Dodging        | 2 3 4 5 6 7 8 |  8.1
Maces & Flails | 1 2 3 4 |  4.8
Fire Magic     | 1 3 4 5 6 |  6.2
Ice Magic      | 1 3 4 5 6 |  6.9
Translocations | 1 2 3 4 |  4.3
Earth Magic    | 1 3 5 |  5.4
Staves         | 1 2 3 |  3.1
Poison Magic   | 1 |  1.8
Air Magic      | 1 |  1.3
Stealth        | |  2.3
Evocations     | |  0.4

Action                   |  1- 3 |  4- 6 |  7- 9 | 10-12 | 13-15 || total
-------------------------+-------+-------+-------+-------+-------++-------
Melee: Club              |    51 |    21 |       |       |       ||    72
       Mace              |       |       |    38 |     4 |     5 ||    47
       Staff             |       |       |       |       |    14 ||    14
 Cast: Magic Dart        |    34 |     2 |       |     1 |       ||    37
       Searing Ray       |    14 |    53 |    90 |   125 |   226 ||   508
       Freeze            |       |       |       |     1 |       ||     1
       Frozen Ramparts   |       |       |       |     8 |    46 ||    54
       Iskenderun's Myst |       |       |       |     8 |    27 ||    35
       Iskenderun's Batt |       |       |       |     2 |     4 ||     6
       Stone Arrow       |       |       |       |       |     2 ||     2
       Mephitic Cloud    |       |       |       |       |     1 ||     1
       Blink             |       |       |       |       |    10 ||    10
       Starburst         |       |       |       |       |     2 ||     2
 Abil: Evoke Invisibilit |       |       |       |     1 |       ||     1
       Fly               |       |       |       |       |     1 ||     1
  Use: Scroll            |       |     1 |    12 |    10 |    15 ||    38
       Potion            |       |       |       |     1 |     1 ||     2
Armor: Robe              |     1 |       |     7 |    93 |   167 ||   268
       Scale mail        |    57 |    42 |    61 |       |       ||   160
Dodge: Dodged            |    82 |    39 |   148 |   261 |   263 ||   793

Table legend: (Time is in decaauts)
 A = Elapsed time spent in this place.
 B = Non-inter-level travel time spent in this place.
 C = Inter-level travel time spent in this place.
 D = Time resting spent in this place.
 E = Time spent auto-exploring this place.
 F = Levels seen in this place.
 G = Mean time per level.
                   A        B        C        D        E       F      G
               +--------+--------+--------+--------+--------+-----+--------+
         Total |  18998 |  18512 |    486 |      0 |  12389 |  20 |  949.9 |
       Dungeon |  11764 |  11309 |    455 |      0 |   7826 |  12 |  980.3 |
        Temple |     40 |     40 |      0 |      0 |      7 |   1 |   40.0 |
          Lair |   6528 |   6497 |     31 |      0 |   4027 |   6 | 1088.0 |
       Ossuary |    665 |    665 |      0 |      0 |    529 |   1 |  665.0 |
               +--------+--------+--------+--------+--------+-----+--------+

Top non-repeatable levels by time:
     D:4: 1542 daAuts
  Lair:3: 1355 daAuts
  Lair:6: 1223 daAuts
  Lair:2: 1204 daAuts
     D:8: 1202 daAuts
     D:5: 1166 daAuts
     D:2: 1114 daAuts
     D:6: 1046 daAuts
     D:9: 982 daAuts
     D:1: 978 daAuts
  Lair:4: 973 daAuts
  Lair:1: 939 daAuts
  Lair:5: 831 daAuts
    D:12: 788 daAuts
    D:10: 771 daAuts
